 Dungeon Crawl Stone Soup version 0.31-a0-233-g139696dc86 (webtiles) character file.

Game seed: 17529689538012269056

246 qw the Shooter (level 6, -4/37 HPs)
             Began as a Gargoyle Hexslinger on July 8, 2023.
             Killed by divine providence
             ... invoked by an orc priest
              (12 damage)
             ... on level 4 of the Dungeon.
             The game lasted 00:00:58 (2404 turns).

qw the Shooter (Gargoyle Hexslinger)                Turns: 2404, Time: 00:00:59

Health: -4/37      AC: 10    Str: 11    XL:     6   Next: 11%
Magic:  7/7        EV: 12    Int: 14    God:
Gold:   137        SH:  0    Dex: 20    Spells: 6/7 levels left

rFire   + . .        Y - +3 sling
rCold   . . .        (no shield)
rNeg    + + .        a - +1 leather armour {rF+}
rPois   inf          (no helmet)
rElec   +            i - +1 cloak
rCorr   .            (no gloves)
SInv    .            (no boots)
Will    .....        (no amulet)
Stlth   +            d - +6 ring of dexterity
HPRegen 0.26/turn    n - ring of positive energy
MPRegen 0.10/turn

%: no passive effects
@: no status effects
A: sickness immunity, AC +4, negative energy resistance 1, electricity
resistance, torment resistance 1, petrification resistance
a: no special abilities


You were on level 4 of the Dungeon.
You visited 1 branch of the dungeon, and saw 4 of its levels.

You collected 137 gold pieces.


Innate Abilities, Weirdness & Mutations

You are immune to sickness and miasma.
Your stone body is resilient. (AC +4)
You are immune to poison.
You resist negative energy. (rN+)
You are resistant to electric shocks. (rElec)
You are resistant to unholy torment.
You are immune to petrification.


   Skills:
 - Level 3.0 Fighting
 + Level 5.6 Ranged Weapons
 - Level 1.5 Dodging
 - Level 1.0 Spellcasting
 - Level 2.6 Hexes


You had 6 spell levels left.
You knew the following spells:

 Your Spells              Type           Power      Damage    Failure   Level
a - Slow                  Hex            32%        N/A       12%         1

Your spell library contained the following spells:

 Spells                   Type           Power      Damage    Failure   Level
 Inner Flame              Hex/Fire       4%         N/A       52%         3
 Portal Projectile        Hex/Tloc       8%         N/A       52%         3
 Cause Fear               Hex            4%         N/A       75%         4

Inventory:

Hand Weapons
 Y - a +3 sling (weapon)
Armour
 a - a +1 leather armour of fire resistance (worn)
 i - a +1 cloak (worn)
Jewellery
 d - a +6 ring of dexterity (left hand)
 n - a ring of positive energy (right hand)
Scrolls
 j - 2 scrolls of identify
Potions
 b - a potion of mutation
 e - a potion of curing
 f - a potion of might
 h - a potion of ambrosia {unknown}
 m - a potion of lignification {unknown}

Dungeon Overview and Level Annotations

Branches:
Dungeon (4/15)
 Temple: D:4-7

Altars:
Trog
Uskayaw


Message History

The orc priest moves out of view.
An orc wizard comes into view. It is wielding a +0 dagger.
You shoot a sling bullet.
The sling bullet barely misses the gnoll.
The sling bullet hits the gnoll.
The gnoll is lightly wounded.
The gnoll hits you from afar with a +0 spear.
The gnoll closely misses you.
You shoot a sling bullet. The sling bullet hits the gnoll!
You kill the gnoll!
The gnoll misses you. The gnoll barely misses you.
You shoot a sling bullet. The sling bullet hits the gnoll!
The gnoll is severely wounded.
The orc priest mumbles some strange prayers to Beogh against you.
Beogh smites you! The gnoll barely misses you.
An orc comes into view. It is wielding a +0 whip.
The gnoll closely misses you.
You shoot a sling bullet. The orc shouts!
The sling bullet hits the gnoll.
The gnoll is almost dead.
The gnoll barely misses you. x2
You shoot a sling bullet. The sling bullet hits the gnoll.
The gnoll is almost dead.
The gnoll hits you but does no damage.
The gnoll hits you from afar with a +0 halberd!
The orc wizard mumbles some strange words.
The orc wizard flickers and vanishes!
Deactivating autopickup; reactivate with Ctrl-A.
The gnoll closely misses you. x2
You hear a shout!
You shoot a sling bullet. The sling bullet hits the gnoll.
You kill the gnoll!
The gnoll hits you but does no damage.
You shoot a sling bullet.
The sling bullet hits the orc priest but does no damage.
An orc wizard comes into view. It is wielding a +2 dagger of speed.
The orc priest calls down the wrath of Beogh upon you.
Beogh smites you!
You die...

........#.. .....
#.......... ....
#.....#... ## ####...
#.....#.# ###. ......
#.......+ #... ###....
#.....#.# #.#. o....o.
#.[.....# #<#.
#.##og.##.#.############
..).{g)@...............'
.########.###########.##
#.......# #.## #.......#
..#. #.......[.. #....
#.......... .###.
#.......... .. ..
########... .. ...


You could see an orc priest, an orc wizard, a gnoll, an orc and a hobgoblin.

Vanquished Creatures
  Pargi (D:3)
  A hound (D:4)
  Jessica (D:2)
  3 gnolls (D:4)
  3 worms (D:3)
  2 dart slugs
  2 orcs (D:3)
  3 endoplasms
  3 giant cockroaches
  6 goblins
  3 hobgoblins
  4 jackals (D:1)
  2 quokkas
  7 ball pythons
  5 bats
  A frilled lizard (D:3)
  5 kobolds
  5 rats
57 creatures vanquished.

Notes
Turn   | Place    | Note
-------+----------+-------------------------------------------
     0 | D:1      | qw the Gargoyle Hexslinger began the quest for the Orb.
     0 | D:1      | Reached XP level 1. HP: 12/12 MP: 2/2
     0 | D:1      | 0 ||| qw: Version: 0.3-a-46-gb1f654a
     0 | D:1      | 0 ||| qw: Game counter: 3376
     0 | D:1      | 0 ||| qw: Melee chars always use a shield: true
     0 | D:1      | 0 ||| qw: God list: Okawaru
     0 | D:1      | 0 ||| qw: Allow faded altars: false
     0 | D:1      | 0 ||| qw: Do Orc after clearing Dungeon:15 true
     0 | D:1      | 0 ||| qw: Do second Lair branch before Depths: true
     0 | D:1      | 0 ||| qw: Lair rune preference: random
     0 | D:1      | 0 ||| qw: Goals: Normal
     0 | D:1      | 0 ||| PLANNING D:1-11
   201 | D:1      | Reached XP level 2. HP: 10/16 MP: 3/3
   438 | D:1      | Reached skill level 3 in Ranged Weapons
   529 | D:1      | 529 ||| UPGRADING to +1 cloak.
   534 | D:1      | 534 ||| READING 2 scrolls labelled QASTRU EGACHUBB.
   535 | D:1      | 535 ||| READING 2 scrolls labelled VERURO KEDA.
   536 | D:1      | 536 ||| READING scroll of enchant weapon.
   536 | D:1      | 536 ||| ENCHANTING +2 sling.
   537 | D:1      | 537 ||| READING 2 scrolls labelled POHUPA YROAKOV.
   538 | D:1      | 538 ||| READING scroll labelled YXZEWA VUUCH.
   539 | D:1      | 539 ||| DROPPING scroll of vulnerability.
   540 | D:1      | 540 ||| DROPPING scroll of poison.
   586 | D:2      | Noticed Jessica
   587 | D:2      | Killed Jessica
   588 | D:2      | Reached XP level 3. HP: 22/22 MP: 4/4
   651 | D:2      | Found a bloodstained altar of Trog.
   894 | D:2      | 894 ||| UPGRADING to +6 ring of dexterity.
   895 | D:2      | 895 ||| READING scroll labelled ITROSHR GIUGHY.
   984 | D:2      | Reached XP level 4. HP: 27/27 MP: 5/5
  1241 | D:2      | 1241 ||| DRINKING 3 sedimented purple potions.
  1242 | D:2      | 1242 ||| READING 2 scrolls of identify.
  1242 | D:2      | 1242 ||| IDENTIFYING white potion
  1243 | D:2      | 1243 ||| DROPPING 2 potions of degeneration.
  1318 | D:3      | Noticed Pargi
  1331 | D:3      | HP: 6/27 [Pargi (2)]
  1332 | D:3      | Killed Pargi
  1333 | D:3      | Reached skill level 4 in Ranged Weapons
  1333 | D:3      | Reached XP level 5. HP: 8/31 MP: 6/6
  1351 | D:3      | 1351 ||| FLEEEEING.
  1361 | D:3      | 1361 ||| FLEEEEING.
  1362 | D:3      | 1362 ||| FLEEEEING.
  1363 | D:3      | 1363 ||| STAIRDANCE
  1424 | D:2      | 1424 ||| DRINKING 2 ruby potions.
  1501 | D:3      | Noticed a +0 falchion
  1501 | D:3      | Noticed a +0 dagger
  1541 | D:3      | Noticed a +0 falchion
  1541 | D:3      | Noticed a +0 spear
  1542 | D:3      | Noticed a +0 short sword
  1542 | D:3      | Noticed a +0 short sword
  1542 | D:3      | Noticed a +0 spear
  1542 | D:3      | Noticed a +0 dagger
  1551 | D:3      | 1551 ||| UPGRADING to +1 leather armour of fire resistance.
  1568 | D:3      | 1568 ||| DROPPING +0 robe.
  1598 | D:3      | Found a hide-covered altar of Uskayaw.
  1661 | D:3      | Reached skill level 5 in Ranged Weapons
  1803 | D:3      | Reached skill level 3 in Fighting
  2256 | D:3      | 2256 ||| UPGRADING to ring of positive energy.
  2257 | D:3      | 2257 ||| READING scroll labelled LODIBO HATIREF.
  2258 | D:3      | 2258 ||| READING scroll labelled QOEHUNK XAS ODUO.
  2259 | D:3      | 2259 ||| READING 4 scrolls of identify.
  2259 | D:3      | 2259 ||| IDENTIFYING green potion
  2260 | D:3      | 2260 ||| READING 3 scrolls of identify.
  2260 | D:3      | 2260 ||| IDENTIFYING murky ruby potion
  2261 | D:3      | 2261 ||| READING 2 scrolls of identify.
  2261 | D:3      | 2261 ||| IDENTIFYING cyan potion
  2262 | D:3      | 2262 ||| DROPPING potion of brilliance.
  2263 | D:3      | 2263 ||| DROPPING potion of attraction.
  2393 | D:4      | Reached XP level 6. HP: 37/37 MP: 7/7
  2402 | D:4      | HP: 8/37 [gnoll/+0 halberd (10)]
  2404 | D:4      | Killed from afar by an orc priest

Levels and vault maps discovered:
D:1:      minmay_arrival_three_doors, layout_basic
D:2:      layout_basic, basic_altar, reono_crystal_passage, uniq_jessica
D:3:      layout_loops_corners, nicolae_uskayaw_en_pointe, uniq_pargi
D:4:      gammafunk_wand_slinger, layout_basic, minmay_misc_feat_four_crosses,
          chequers_serial_rivers_micro_c, saegor_snake_ambush

Skill      XL: |  1  2  3  4  5 |
---------------+----------------+-----
Ranged Weapons | 3 4 5 |  5.6
Fighting       | 2 3 |  3.0
Dodging        | |  1.5
Spellcasting   | |  1.0
Hexes          | |  2.6

Action                     |  1- 3 |  4- 6 || total
---------------------------+-------+-------++-------
   Fire: Sling             |    79 |   104 ||   183
    Use: Scroll            |     6 |     6 ||    12
         Potion            |       |     2 ||     2
 Armour: Robe              |    12 |    16 ||    28
         Leather armour    |       |    10 ||    10
  Dodge: Dodged            |    22 |    40 ||    62

Table legend:
 A = Non-vault XP
 B = Vault XP
 C = Vault XP percentage of total XP
 D = Non-vault monster count
 E = Vault monster count
 F = Vault count percentage of total count
                 A         B        C        D         E       F
            +---------+---------+-------+---------+---------+-------
      Total |     183 |     169 |  48.0 |      55 |       2 |   3.5
            +---------+---------+-------+---------+---------+-------
        D:1 |      28 |       0 |   0.0 |      17 |       0 |   0.0
        D:2 |      19 |      37 |  66.1 |      11 |       1 |   8.3
        D:3 |      52 |     132 |  71.7 |      22 |       1 |   4.3
        D:4 |      84 |       0 |   0.0 |       5 |       0 |   0.0
            +---------+---------+-------+---------+---------+-------
